Map: Datos-C

Players

Xandros - Winner!

  • Race: Zerg Zerg
  • League: Silver
  • Spawn Location: 9:00

Sheridan

  • Race: Zerg Zerg
  • League: Master
  • Spawn Location: 3:00

VOD

Have the link to the VOD?

Description

Time

  • Played on: Dec. 14, 2022, 12:15 p.m.
  • Length: 15:30
Show
View Real Time Build Order
Export as new Build Order

Xandros Zerg - Winner!

Build Orders: Hatch First, Roach Hydra 

Get SALT Encoding   

  12  0:02  Drone  
  13  0:23  Overlord  
  13  0:26  Drone  
  14  0:41  Drone x2  
  16  0:47  Drone  
  17  0:59  Drone, Hatchery  
  17  1:11  Spawning Pool  
  17  1:13  Drone  
  17  1:22  Drone, Extractor  
  17  1:28  Drone  
  18  1:38  Drone  
  19  2:04  Zergling x4  
  21  2:11  Overlord, Queen  
  23  2:16  Queen  
  23  2:17  Drone  
  26  2:26  Drone x2  
  28  2:34  Drone x2  
  30  2:45  Drone x2  
  32  2:52  Lair  
  32  2:57  Drone x2  
  32  2:58  Queen  
  36  3:06  Overlord  
  36  3:19  Roach Warren  
  35  3:22  Evolution Chamber  
  35  3:24  Drone x3  
  35  3:25  Drone x3  
  40  3:27  Evolution Chamber  
  39  3:44  Overlord  
  39  4:00  Roach x2  
  39  4:02  Overlord x2  
  43  4:12  Zergling x2  
  43  4:13  Drone x4  
  48  4:19  Zerg Missile Weapons Level 1  
  48  4:20  Glial Reconstitution  
  48  4:25  Extractor  
  48  4:30  Extractor  
  46  4:37  Drone x2  
  46  4:38  Drone x2  
  50  4:40  Drone  
  50  4:41  Drone  
  50  4:43  Drone x3  
  55  4:46  Roach x3  
  59  5:24  Queen, Hatchery  
  60  5:33  Overlord x3  
  60  5:45  Hydralisk Den  
  60  5:57  Roach x7  
  60  6:03  Overseer  
  70  6:16  Roach x2  
  70  6:18  Grooved Spines  
  70  6:38  Burrow  
  68  6:43  Drone x9  
  67  7:09  Roach  
  67  7:10  Roach x10  
  85  7:16  Spine Crawler  
  85  7:22  Roach x4  
  90  7:29  Muscular Augments  
  90  7:32  Overlord  
  90  7:33  Overlord x4  
  90  7:49  Hydralisk, Extractor x2  
  90  7:51  Hydralisk x6  
  90  7:52  Hydralisk  
  104  8:00  Drone x2  
  92  8:13  Hydralisk x4  
  98  8:21  Drone x5  
  103  8:33  Drone x6  
  107  8:56  Hatchery  
  107  8:58  Queen  
  107  9:00  Drone x3  
  107  9:01  Drone x2  
  113  9:11  Zerg Missile Weapons Level 2  
  113  9:13  Zerg Ground Armor Level 1  
  113  9:19  Extractor  
  113  9:21  Infestation Pit  
  111  9:27  Hydralisk x8  
  127  9:47  Drone x2  
  127  9:48  Drone  
  127  9:51  Overlord x2  
  127  9:52  Overlord x2  
  130  10:11  Pathogen Glands  
  130  10:22  Drone x4  
  130  10:23  Drone x7  
  130  10:28  Hydralisk x4  
  143  10:32  Extractor  
  143  10:34  Spine Crawler  
  147  10:39  Drone x2  
  147  10:41  Drone  
  150  10:43  Overlord x2  
  150  10:44  Overlord  
  150  10:47  Hive  
  150  10:48  Hydralisk x5  
  160  10:54  Drone  
  160  10:55  Drone x2  
  163  10:59  Extractor  
  163  11:00  Drone x3  
  165  11:08  Zerg Ground Armor Level 2  
  163  11:38  Hydralisk  
  163  11:39  Hydralisk x7  
  163  11:40  Roach x8, Hydralisk x2  
  163  11:44  Hydralisk x4  
  161  11:50  Hatchery  
  142  12:06  Hydralisk  
  142  12:07  Hydralisk x11  
  164  12:27  Pneumatized Carapace  
  164  12:30  Roach x7  
  164  12:31  Roach x3  
  184  12:42  Roach  
  184  12:43  Roach x3  
  192  12:45  Overlord  
  192  12:46  Overlord x2  
  192  12:50  Overseer  
  180  13:09  Hydralisk x9, Roach  
  200  13:22  Hydralisk  
  166  13:37  Zergling x2  
  166  13:38  Roach  
  166  13:40  Roach, Hydralisk  
  166  13:41  Roach x18  
  185  13:52  Hydralisk  
  185  13:53  Hydralisk x5  
  195  13:58  Roach  
  195  14:23  Roach  
  195  14:24  Roach  
Show
View Real Time Build Order
Export as new Build Order

Sheridan Zerg 

Build Orders: 3 Hatch before Pool, Lurkers 

Get SALT Encoding   

  12  0:01  Drone  
  13  0:08  Drone  
  14  0:20  Overlord  
  14  0:39  Drone  
  14  0:40  Drone x2  
  17  0:58  Drone  
  17  1:00  Hatchery  
  17  1:03  Extractor  
  16  1:26  Hatchery  
  16  1:30  Drone  
  16  1:44  Spawning Pool  
  16  1:47  Drone  
  16  1:48  Drone  
  16  1:52  Drone  
  18  2:01  Overlord  
  18  2:12  Drone x2  
  20  2:39  Zergling x2  
  20  2:40  Zergling x6  
  23  2:48  Drone x2  
  23  2:49  Queen  
  23  2:51  Extractor  
  26  2:55  Queen  
  28  3:00  Metabolic Boost  
  28  3:06  Drone  
  28  3:07  Drone  
  28  3:09  Drone  
  28  3:11  Drone  
  32  3:14  Drone  
  32  3:18  Drone  
  34  3:24  Drone  
  35  3:30  Queen  
  37  3:35  Drone  
  37  3:36  Drone  
  37  4:00  Drone x4  
  41  4:03  Overlord  
  41  4:04  Overlord, Extractor  
  41  4:05  Extractor  
  41  4:09  Evolution Chamber  
  38  4:11  Drone  
  38  4:12  Drone x2  
  41  4:17  Evolution Chamber  
  41  4:19  Spine Crawler  
  41  4:21  Roach Warren  
  38  4:32  Drone  
  38  4:33  Drone x2  
  38  4:34  Drone x3  
  44  5:04  Roach Warren  
  44  5:05  Zerg Ground Armor Level 1, Zerg Missile Weapons Level 1  
  43  5:18  Roach x7  
  57  5:29  Overlord x3  
  55  5:38  Zergling x2  
  56  5:43  Zergling x2  
  57  5:56  Drone x2  
  59  5:57  Drone x2  
  59  6:00  Lair  
  59  6:02  Drone  
  59  6:03  Extractor  
  61  6:09  Roach  
  61  6:10  Roach x6  
  75  6:12  Ravager x4  
  75  6:16  Zergling x2  
  75  6:17  Zergling x2  
  79  6:30  Zergling x2  
  74  6:37  Zergling x14  
  74  6:38  Zergling x2  
  82  6:43  Roach x2  
  82  6:44  Roach  
  82  6:57  Overlord x4  
  77  7:07  Roach x3  
  82  7:14  Zerg Ground Armor Level 2  
  81  7:19  Glial Reconstitution  
  81  7:23  Zerg Missile Weapons Level 2  
  81  7:25  Zergling x10  
  81  7:29  Ravager  
  88  7:37  Roach x3  
  92  7:45  Roach  
  92  7:46  Roach x3  
  92  7:50  Drone  
  92  7:51  Drone  
  102  7:56  Drone x3  
  102  7:57  Extractor  
  92  8:15  Roach  
  92  8:16  Roach x6  
  99  8:29  Hydralisk Den  
  98  8:38  Drone x2  
  98  8:39  Roach  
  98  8:40  Roach x4  
  106  8:50  Zergling x4  
  106  8:54  Overlord  
  106  8:55  Overlord  
  106  8:58  Spine Crawler  
  106  8:59  Spine Crawler  
  106  9:00  Spine Crawler, Hydralisk  
  105  9:15  Baneling Nest  
  104  9:17  Drone x4  
  104  9:18  Lurker Den  
  104  9:24  Drone x2  
  109  9:25  Drone  
  110  9:40  Drone  
  110  9:41  Drone x6  
  117  9:47  Drone x3  
  120  10:03  Hatchery  
  120  10:06  Drone  
  120  10:09  Drone x2  
  120  10:11  Overlord x2  
  120  10:12  Overlord  
  122  10:38  Hydralisk x3  
  122  10:39  Hydralisk x6  
  140  10:47  Lurker  
  141  10:58  Roach x2  
  141  10:59  Overlord  
  141  11:00  Overlord  
  141  11:01  Overlord x3  
  145  11:08  Hatchery  
  145  11:09  Lurker x2  
  146  11:16  Drone x6  
  152  11:25  Muscular Augments  
  152  11:29  Roach x4  
  152  11:30  Roach  
  139  11:40  Roach  
  139  11:41  Roach x5  
  139  11:46  Roach  
  125  11:50  Roach  
  125  11:52  Roach x4  
  106  11:55  Zergling x4  
  106  11:58  Zergling x4  
  102  12:03  Zergling x4  
  98  12:08  Zergling x2  
  98  12:09  Zergling x2  
  98  12:10  Zergling x2  
  98  12:14  Baneling x2  
  97  12:15  Baneling x2  
  97  12:16  Zergling x2  
  97  12:21  Zergling x2  
  97  12:22  Zergling x4  
  100  12:25  Zergling x2  
  100  12:27  Baneling  
  100  12:28  Baneling x4  
  101  12:34  Roach  
  101  12:35  Roach x2  
  101  12:36  Grooved Spines  
  107  12:39  Baneling  
  107  12:41  Centrifugal Hooks  
  107  12:48  Roach x8  
  123  12:54  Baneling x3  
  121  13:01  Hydralisk x5  
  121  13:03  Zergling x2  
  121  13:04  Zergling x4  
  134  13:07  Baneling  
  134  13:09  Drone  
  134  13:10  Drone x3  
  134  13:11  Hydralisk  
  140  13:18  Zergling x2  
  140  13:19  Zergling x6  
  120  13:32  Zergling x2  
  120  13:33  Zergling x16  
  102  13:35  Zergling x2  
  74  13:42  Baneling x3  
  74  13:44  Zergling x8  
  74  13:46  Zergling x2  
  74  13:48  Lurker  
  64  13:51  Zergling x2  
  64  13:52  Spine Crawler  
  59  13:57  Baneling  
  59  13:58  Baneling x2  
  55  14:10  Hydralisk x6  
  55  14:11  Hydralisk  
  69  14:19  Baneling Nest  
  68  14:26  Hydralisk  
  68  14:27  Hydralisk x2  
  73  14:48  Zergling x2  
  73  14:49  Zergling x20  
  80  15:05  Baneling x8  
  80  15:07  Zergling x10  
  85  15:14  Baneling  
  85  15:15  Baneling x2  
  85  15:16  Baneling x6  
Tags
 
Add a new tag
Caveats
  • Supply blocks, unpowered buildings, or Contaminate may cause inaccurate times.
  • Supply counts are checked every 10 seconds.